[Event "*** Titled Tuesday Blitz"]
[Site "Chess.com"]
[Date "2021.02.09"]
[Round "4"]
[White "hansen"]
[Black "Gabrielian_Artur"]
[Result "1/2-1/2"]
[WhiteElo "2952"]
[BlackElo "2800"]
[TimeControl "180+1"]
[EndTime "10:40:18 PST"]
[Termination "Game drawn - insufficient material"]

1. e4 e5 2. Nf3 Nc6 3. Bb5 g6 4. d4 exd4 5. Bg5 Be7 6. Bxe7 Qxe7 7. Bxc6 dxc6 8. Qxd4 Nf6 9. Nc3 Bg4 10. Nd2 c5 11. Qe3 O-O-O 12. h3 Be6 13. O-O-O b6 14. f4 Rhe8 15.
Nf3 Rxd1+ 16. Rxd1 Rd8 17. Re1 Kb7 18. g4 Bc8 19. f5 h5 20. e5 hxg4 21. hxg4 Nd5 22.
Nxd5 Rxd5 23. Qe4 c6 24. fxg6 fxg6 25. Qxg6 c4 26. Qf6 Qb4 27. e6 c3 28. Qxc3 Qf4+ 29. Kb1 Bxe6 30. Ne5 c5 31. b3 Bxg4 32. Nd3 Qd6 33.
Ne5 Bf5 34. Kb2 a5 35. Nc4 Qd8 36. Qg7+ Ka6 37. Re7 Rd7 38. Rxd7 Qxd7 39. Qf6 Qd4+ 40. Qxd4 cxd4 41. Ne5 Be4 42. a4 b5 43. Nd7 bxa4 44. Nc5+ Kb5 45. Nxe4 axb3 46. Kxb3 a4+ 47. Kb2 Kc4 48.
Nd2+ Kb4 49. Nb1 Kc4 50. Nd2+ Kb4 51. Nf3 Kc4 52. Ne5+ Kb4 53. Nd3+ Kc4 54. Nc1 Kb4 55. Ne2 Kc4 56. Ka3 d3 57. cxd3+ Kxd3 58. Kxa4 1/2-1/2

[Event "*** Titled Tuesday Blitz"]
[Site "Chess.com"]
[Date "2021.02.09"]
[Round "4"]
[White "Aisen1011"]
[Black "shaheus"]
[Result "0-1"]
[WhiteElo "2138"]
[BlackElo "2400"]
[TimeControl "180+1"]
[EndTime "10:40:18 PST"]
[Termination "shaheus won by checkmate"]

1. d4 Nf6 2. c4 g6 3. Nf3 Bg7 4.
Nc3 d6 5. e4 O-O 6. Be2 e5 7. d5 Nbd7 8. Bg5 h6 9. Bh4 g5 10. Bg3 Nh5 11. h4 Nxg3 12. fxg3 g4 13. Nh2 h5 14. Nf1 Bh6 15. Qc2 a5 16. Bd3 Nc5 17.
Nb1 f5 18. Nbd2 f4 19. O-O-O a4 20. Kb1 Qf6 21. Qc3 Bd7 22. Bc2 b5 23. cxb5 Bxb5 24. gxf4 Bxf4 25. Ng3 Bxg3 26. Qxg3 Qf2 27. Qc3 Qxg2 28.
Nc4 Bxc4 29. Qxc4 Rf2 30. Rhf1 Raf8 31. Rg1 Qf3 32. Bxa4 Qxe4+ 33. Qxe4 Nxe4 34. Bc2 Nd2+ 35. Ka1 Nf3 36. Bd3 Nxg1 37. Rxg1 Rh2 38. a4 Rff2 39. Rb1 g3 40. a5 Rxb2 41. Rxb2 Rxb2 42. Kxb2 g2 43.
a6 g1=Q 44. Kc3 Qd4+ 45. Kc2 e4 46. Bb5 e3 47. Be2 Qd2+ 48. Kb3 Qxe2 49. a7 Qa6 50. Kc3 Qxa7 51. Kd3 Qc5 52. Ke2 Qxd5 53. Kxe3 c5 54. Kf4 Qd4+ 55. Kg5 c4 56. Kxh5 c3 57.
Kg6 c2 58. h5 c1=Q 59. h6 Qe4+ 60. Kf6 Qf1+ 61. Kg5 Qeg2+ 62. Kh4 Qfh1# 0-1

[Event "*** Titled Tuesday Blitz"]
[Site "Chess.com"]
[Date "2021.02.09"]
[Round "4"]
[White "manitodeplomo"]
[Black "Bulldog167"]
[Result "0-1"]
[WhiteElo "2625"]
[BlackElo "2834"]
[TimeControl "180+1"]
[EndTime "10:40:19 PST"]
[Termination "Bulldog167 won on time"]

1. Nc3 e5 2. d4 exd4 3. Qxd4 Nc6 4. Qa4 Nf6 5. Nf3 d6 6. Bg5 Be7 7. O-O-O O-O 8. Qh4 h6 9. e4 Be6 10. Bxh6 gxh6 11. Qxh6 Ng4 12. Qh5 Kg7 13. h3 Rh8 14. hxg4 Rxh5 15. gxh5 Bg5+ 16. Kb1 Bg4 17. Nd5 Kh6 18.
Nxg5 Qxg5 19. f3 Be6 20. Nxc7 Bxa2+ 21. Kxa2 Qa5+ 22. Kb1 Qxc7 23. f4 Nb4 24. c3 Nc6 25.
g4 f6 26. Rd5 Rg8 27. Rg1 Qb6 28. g5+ Kh7 29. Rh1 Ne7 30. Bc4 Nxd5 31. Bxd5 fxg5 32. Bxg8+ Kxg8 33. fxg5 Qe3 34. Rd1 Qxe4+ 35. Kc1 Qe3+ 36. Kc2 Qxg5 37. Rxd6 Qf5+ 38. Kb3 Qb5+ 39. Kc2 Qa4+ 40.
Kc1 Qf4+ 41. Rd2 Qg5 42. Kc2 Qf5+ 43. Kc1 Kf7 44. Kd1 Qxh5+ 45. Kc2 Qf5+ 46. Kc1 Ke6 47. b4 Qf4 48. Kc2 a6 49. Rd4 Qf2+ 50. Kd3 Qb2 51. Kc4 Qa2+ 52. Kc5 Qb3 53. Rd6+ Ke7 54. Rb6 Qxc3+ 55.
Kd5 Qd3+ 56. Kc5 Qe3+ 0-1

[Event "*** Titled Tuesday Blitz"]
[Site "Chess.com"]
[Date "2021.02.09"]
[Round "4"]
[White "semchik73"]
[Black "Astaneh"]
[Result "0-1"]
[WhiteElo "2342"]
[BlackElo "2644"]
[TimeControl "180+1"]
[EndTime "10:40:19 PST"]
[Termination "Astaneh won by checkmate"]

1. Nf3 Nf6 2. c4 g6 3. Nc3 d5 4.
d4 Bg7 5. Qb3 dxc4 6. Qxc4 O-O 7. e4 Na6 8. Be2 c5 9. d5 e6 10. O-O exd5 11. exd5 Re8 12. Bg5 h6 13. Bh4 Bf5 14. Rfe1 Qb6 15. Na4 Qa5 16. Rac1 Re4 17.
Qc3 Rxa4 18. Bxf6 Qxc3 19. Bxc3 Rxa2 20. Bxg7 Kxg7 21. Bxa6 bxa6 22. Rxc5 Rxb2 23. Rc7 a5 24. Ne5 Re8 25. h3 Kg8 26. d6 f6 27. d7 Bxd7 28. Rxd7 Rxe5 29. Rxe5 fxe5 30. Rxa7 Ra2 31. Re7 Re2 32.
Kf1 Re4 33. f3 Ra4 34. Rxe5 Ra2 35. Re7 Kf8 36. Ra7 h5 37. g4 h4 38. f4 a4 39. Ra6 Kg7 40. Ra7+ Kf6 41. Ra6+ Kf7 42. g5 a3 43. Rf6+ Kg7 44. Ra6 Ra1+ 45. Kg2 a2 46. Ra7+ Kf8 47. Ra4 Ke7 48. Ra6 Kd7 49. Kf2 Rh1 50. Rxa2 Rh2+ 51. Kf3 Rxa2 52. Kg4 Rg2+ 53. Kxh4 Rg1 54. f5 gxf5 55. Kh5 Ke6 56. g6 Kf6 57. Kh6 Rxg6+ 58. Kh5 f4 59. Kh4 Rg8 60. Kh5 f3 61. Kh4 f2 62. Kh5 f1=Q 63. Kh4 Qf2+ 64. Kh5 Qf3+ 65. Kh4 Qg3+ 66. Kh5 Qg5# 0-1

[Event "*** Titled Tuesday Blitz"]
[Site "Chess.com"]
[Date "2021.02.09"]
[Round "4"]
[White "xberli"]
[Black "floplover"]
[Result "0-1"]
[WhiteElo "2452"]
[BlackElo "2299"]
[TimeControl "180+1"]
[EndTime "10:40:19 PST"]
[Termination "floplover won by resignation"]

1. Nf3 d5 2. g3 e6 3. Bg2 Nf6 4. O-O Be7 5. c4 O-O 6. d4 dxc4 7. Qc2 a6 8. a4 Bd7 9. Qxc4 Bc6 10. Qc2 Be4 11.
Qb3 Nc6 12. Rd1 Nb4 13. Na3 Bd5 14. Qc3 Ne4 15. Qe3 Qe8 16. b3 c5 17. Bb2 Rc8 18.
Ne5 Nf6 19. Nac4 Bxg2 20. Kxg2 Nfd5 21. Qf3 cxd4 22. Bxd4 Nc2 23. Bb2 Nxa1 24. Bxa1 f6 25. Nd3 Qc6 26. e4 Nb4 27. Nf4 b5 28. axb5 axb5 29.
Ne3 Rfd8 30. Rxd8+ Rxd8 31. Nh5 Ra8 32. Qg4 Bf8 33.
Bxf6 Nd3 34. Bxg7 Kf7 35. Bd4 Ke8 36. Nf6+ Kd8 37. Qd1 Nb4 38. Neg4 Kc7 39. Be5+ Kb7 40.
Qd2 Ra2 41. Qf4 Bc5 42. Nxh7 Nd3 43. Qf7+ Ka6 44. Bf4 Nxf2 45. Nxf2 Rxf2+ 46. Kh3 e5 47. Bg5 Rxf7 48. Nf6 Rxf6 49. Bxf6 Qe6+ 50. Kg2 Qxf6 51. h4 Qf2+ 52. Kh3 Qe2 53. g4 Qxe4 0-1

[Event "*** Titled Tuesday Blitz"]
[Site "Chess.com"]
[Date "2021.02.09"]
[Round "4"]
[White "Vesper2018"]
[Black "fabianvivasz"]
[Result "1/2-1/2"]
[WhiteElo "2581"]
[BlackElo "2338"]
[TimeControl "180+1"]
[EndTime "10:40:20 PST"]
[Termination "Game drawn - insufficient material"]

1. e4 e5 2. Nf3 Nc6 3. Bb5 f5 4. d3 fxe4 5. dxe4 Nf6 6. O-O Bc5 7. Nc3 d6 8. h3 O-O 9. Bg5 Be6 10.
Nd5 Kh8 11. c3 Qd7 12. Bxf6 gxf6 13. Nh4 Bxh3 14. Qh5 Qg7 15. Ng6+ Qxg6 16. Qxh3 Rf7 17. Rad1 Rg8 18. Rfe1 Rfg7 19. Bf1 Nd8 20. Qf5 Qxf5 21.
exf5 c6 22. Nxf6 Rf8 23. Ne4 b6 24. b4 d5 25. bxc5 dxe4 26. cxb6 axb6 27. Rxe4 Nf7 28.
Bc4 Rg5 29. Bxf7 Rxf7 30. Rxe5 Rgxf5 31. Rxf5 Rxf5 32. c4 Rc5 33. Rd4 Kg7 34. Kf1 Kf6 35. Ke2 b5 36. cxb5 cxb5 37. Rd2 h5 38. Kf3 Kf5 39. g3 Rc3+ 40. Kg2 Ke4 41. Rb2 Rc5 42. Rb4+ Kd3 43. Rh4 Kc2 44. a4 Rc4 45. axb5 Rc5 46. b6 Rb5 47. Rh3 Kd3 48. Kf3 Kd4 49. Rh4+ Kd3 50.
Kf4 Rxb6 51. Rxh5 Ke2 52. f3 Rb4+ 53. Ke5 Kxf3 54. Rg5 Rh4 55. g4 Rxg4 56. Rxg4 Kxg4 1/2-1/2

[Event "*** Titled Tuesday Blitz"]
[Site "Chess.com"]
[Date "2021.02.09"]
[Round "4"]
[White "Noam_Vitenberg"]
[Black "Irina_Baraeva"]
[Result "0-1"]
[WhiteElo "2420"]
[BlackElo "2283"]
[TimeControl "180+1"]
[EndTime "10:40:20 PST"]
[Termination "Irina_Baraeva won on time"]

1. Nf3 d5 2. b3 c5 3. Bb2 Nc6 4. d4 Nf6 5. e3 Bg4 6. Be2 e6 7. O-O Bd6 8. c4 O-O 9. Nbd2 cxd4 10.
Nxd4 Bxe2 11. Qxe2 Qd7 12. Rac1 e5 13. Nb5 Rac8 14.
cxd5 Nxd5 15. Nc4 Bb8 16. Rfd1 Qe6 17. Qf3 Rfd8 18. Nc3 Nxc3 19. Bxc3 e4 20. Qh5 f6 21.
h3 Ne7 22. Qb5 Nd5 23. Bd4 b6 24. Nd2 Bd6 25. Rc4 Rxc4 26. Nxc4 Bb8 27. Bb2 Bc7 28. Rd4 f5 29. Nd2 Be5 30. Nc4 Bxd4 31. Bxd4 f4 32.
g3 fxg3 33. fxg3 Qxh3 34. Be5 Qg4 35. Nd6 Qd1+ 36. Kg2 Nxe3+ 37. Kh2 Qd2+ 38. Kh3 Qg2+ 39. Kh4 Qh2+ 40. Kg5 h6+ 41. Kf4 Ng2+ 42. Kxe4 Qh3 43.
Qd5+ Kh7 44. Qf7 Qg4+ 45. Kd3 Qg6+ 46. Qxg6+ Kxg6 47. Ke4 Ne1 48. Nc4 Nc2 49. Bc7 Re8+ 50. Kd3 Ne1+ 51. Kd4 Nf3+ 52. Kd5 Ng5 53. Bf4 Ne6 54.
Ne5+ Kf6 0-1

[Event "*** Titled Tuesday Blitz"]
[Site "Chess.com"]
[Date "2021.02.09"]
[Round "4"]
[White "Mikhail_Golubev"]
[Black "Yaacovn"]
[Result "0-1"]
[WhiteElo "2532"]
[BlackElo "2844"]
[TimeControl "180+1"]
[EndTime "10:40:21 PST"]
[Termination "Yaacovn won on time"]

1. e4 c6 2. d4 d5 3. Nc3 dxe4 4. Nxe4 Nf6 5. Nxf6+ gxf6 6. c3 Qd5 7. Qb3 Nd7 8.
Ne2 Nb6 9. Nf4 Qxb3 10. axb3 Nd5 11.
Bc4 e6 12. O-O Bd6 13. Nh5 Ke7 14. Re1 Bd7 15. Bh6 Rhg8 16. Bg7 f5 17. Bxd5 cxd5 18. Bf6+ Kf8 19. Be5 Be7 20. Nf6 Bxf6 21. Bxf6 Rg6 22. Be5 a6 23. h4 Ke7 24. g3 f6 25. Bf4 h5 26. Re3 Kf7 27. Rae1 Rg4 28. c4 Re8 29. cxd5 exd5 30. Rxe8 Bxe8 31. f3 Rg8 32. Bd6 Bc6 33.
Re7+ Kg6 34. Kf2 Rd8 35. Bc5 f4 36. g4 Rh8 37. Bd6 hxg4 38. Bxf4 gxf3 39. Bg3 Kf5 40. Kxf3 a5 41. Be1 Rh5 42. Kg3 Rh8 43. Bxa5 Ra8 44. b4 Rg8+ 45. Kf3 b5 46. Rc7 Be8 47. Rc5 Bh5+ 48. Kf2 Ke4 49. Rxb5 Bf3 50. Rb6 Rg2+ 51. Kf1 Rxb2 52. Re6+ Kd3 53. Rxf6 Be4 54. h5 Ke3 55. Kg1 Rb1+ 56. Kh2 Rh1+ 57. Kg3 Rg1+ 58. Kh4 Bf3 59.
b5 Rh1+ 60. Kg3 Rxh5 0-1

[Event "*** Titled Tuesday Blitz"]
[Site "Chess.com"]
[Date "2021.02.09"]
[Round "4"]
[White "grunbergmihai"]
[Black "OhanyanEminChess"]
[Result "1/2-1/2"]
[WhiteElo "2479"]
[BlackElo "2623"]
[TimeControl "180+1"]
[EndTime "10:40:22 PST"]
[Termination "Game drawn - insufficient material"]

1. Nf3 Nf6 2. c4 c5 3. d4 cxd4 4. Nxd4 e5 5. Nc2 d5 6. cxd5 Qxd5 7. Qxd5 Nxd5 8. e4 Nb4 9. Nxb4 Bxb4+ 10. Bd2 Bxd2+ 11.
Nxd2 f6 12. Rc1 Be6 13. Bb5+ Nd7 14. Rc7 Ke7 15. Rxb7 Rab8 16. Rxb8 Rxb8 17. Bxd7 Kxd7 18. b3 Rc8 19. Ke2 Rc2 20. Ra1 Kc6 21. Kd3 Rc5 22.
b4 Rb5 23. Kc3 a5 24. a3 Rb8 25. bxa5 Rb5 26. a6 Ra5 27. a4 Rxa6 28. Nb3 Ra8 29. a5 Kb5 30. a6 Bc8 31. a7 Ba6 32. Ra5+ Kb6 33. Kb4 Rxa7 34. Nc5 Bb7 35. Rxa7 Kxa7 36.
Kb5 Ba8 37. f3 Kb8 38. Kb6 Kc8 39. Ne6 g5 40. Nf8 Kd8 41. Nxh7 Ke7 42. Kc7 Kf7 43.
Kd6 Kg7 44. Ke7 Kxh7 45. Kxf6 g4 46. Kxe5 gxf3 47. gxf3 Bc6 48. Kd6 Ba4 49. e5 Kg6 50.
e6 Kf5 51. e7 Be8 52. h4 Kf4 53.
Kc7 Kxf3 54. Kd8 Bh5 55. e8=Q Bxe8 56. Kxe8 Kg4 57. Kd7 Kxh4 1/2-1/2

[Event "*** Titled Tuesday Blitz"]
[Site "Chess.com"]
[Date "2021.02.09"]
[Round "4"]
[White "Funo09"]
[Black "CheckThis4"]
[Result "0-1"]
[WhiteElo "2770"]
[BlackElo "2599"]
[TimeControl "180+1"]
[EndTime "10:40:23 PST"]
[Termination "CheckThis4 won on time"]

1. e4 c5 2. Nc3 Nc6 3. Bb5 Nd4 4. Bc4 Nf6 5. Nf3 a6 6. d3 b5 7. Bb3 Nxb3 8. axb3 e6 9. Nxb5 Bb7 10. Nc3 d5 11. Qe2 Be7 12. O-O O-O 13. Bg5 h6 14. Bh4 Rc8 15. h3 Nxe4 16. dxe4 Bxh4 17. Rfd1 d4 18. Nb1 Bf6 19. Na3 Qc7 20. Nc4 Rfd8 21. Ne1 Qc6 22. f3 Qc7 23. Nd3 Ra8 24. Ra5 Be7 25. f4 Bc6 26. Rda1 Bb5 27. Qh5 Qb7 28.
Re1 Bf8 29. Nde5 Qc7 30. Rea1 Rac8 31. Qg4 Qb7 32. Re1 Re8 33. Raa1 f6 34. Nd3 Qf7 35. Re2 Kh8 36. Rae1 Rcd8 37. Rf2 Rb8 38. Rfe2 Rbd8 39. f5 e5 40. Ra1 Bxc4 41. bxc4 Qxc4 42. b3 Qb5 43. Ra4 Rc8 44. Nb2 d3 45. Nxd3 c4 46.
Rxc4 Rxc4 47. bxc4 Qxc4 48. Kh2 Rb8 49. Ne1 Rb1 50. Qf3 Bc5 51. h4 Qd4 52. Kh3 Qg1 53.
Nd3 Qh1+ 54. Kg3 Rf1 55. Qh5 Bd4 56. Qe8+ Kh7 57. Qg6+ Kh8 58. Nb4 Rf4 0-1

[Event "*** Titled Tuesday Blitz"]
[Site "Chess.com"]
[Date "2021.02.09"]
[Round "4"]
[White "IwkooO"]
[Black "Skatchkov_V"]
[Result "0-1"]
[WhiteElo "2742"]
[BlackElo "2533"]
[TimeControl "180+1"]
[EndTime "10:40:23 PST"]
[Termination "Skatchkov_V won by checkmate"]

1. e4 e5 2. Nf3 d5 3. exd5 e4 4. Qe2 Nf6 5. Nc3 Be7 6. Nxe4 O-O 7. d3 Nxd5 8. Qd1 c5 9. Be2 Nc6 10. O-O Bg4 11. h3 Bh5 12. Ng3 Bg6 13. Nd2 Nd4 14. Bh5 Bh4 15. Bxg6 hxg6 16. Nf3 Nxf3+ 17. Qxf3 Nb4 18.
Qd1 f5 19. Ne2 Nd5 20. Nf4 Nxf4 21. Bxf4 Qd4 22. Qd2 Qxb2 23. Rab1 Qxa2 24. Rxb7 Bf6 25. Bd6 Rfe8 26. Bxc5 Qd5 27. Qb4 Rac8 28. d4 Kh7 29. Rxa7 Re2 30. c4 Qc6 31. Qb7 Qe8 32.
Qd5 Rb8 33. Rb7 Ra8 34. Rd7 Raa2 35. Qf7 Qxf7 36. Rxf7 Rac2 37. Rd7 Rxc4 38. Rd1 Rcc2 39. Rf1 Red2 40. Ba7 Ra2 41. d5 Ra5 42. d6 Ra6 43. Bb8 Be5 44. Re1 Bd4 45. Kf1 Rxf2+ 46. Kg1 Re2+ 47.
Kf1 Rf2+ 48. Kg1 Raa2 49. Rf7 Rxg2+ 50. Kh1 Rh2# 0-1

[Event "*** Titled Tuesday Blitz"]
[Site "Chess.com"]
[Date "2021.02.09"]
[Round "4"]
[White "rugbyclub"]
[Black "youngKID"]
[Result "0-1"]
[WhiteElo "2308"]
[BlackElo "2846"]
[TimeControl "180+1"]
[EndTime "10:40:24 PST"]
[Termination "youngKID won by resignation"]

1. e4 c5 2. Nc3 Nc6 3. Bb5 g6 4. Nf3 Bg7 5. Bxc6 dxc6 6. d3 Bg4 7. Be3 b6 8. h3 Bxf3 9. Qxf3 Nf6 10. O-O O-O 11.
a3 a5 12. Rad1 Re8 13. d4 cxd4 14. Bxd4 Qc7 15. a4 Nd7 16. Bxg7 Kxg7 17. Rd2 Ne5 18. Qe2 Red8 19. Rfd1 g5 20. b3 h6 21. Qe3 Ng6 22. g3 Rxd2 23. Rxd2 Rd8 24. Kg2 Rxd2 25. Qxd2 Qe5 26. Qe3 h5 27. Ne2 b5 28. Nd4 bxa4 29. bxa4 Qf6 30. c4 Ne5 31. Nf5+ Kh7 32. h4 gxh4 33.
gxh4 e6 34. Ng3 Ng4 35. Qf3 Qxf3+ 36. Kxf3 Kg6 37. Ne2 Ne5+ 38. Ke3 Nxc4+ 39. Kd4 Nb6 40. Kc5 Nxa4+ 41. Kxc6 Nb2 42. Kb5 a4 43. Kb4 Nd3+ 44.
Kxa4 Nxf2 45. Ng3 Ng4 46. Kb4 Ne5 47. Kc3 Nf3 48. Kd3 Nxh4 49. Kd4 Nf3+ 50. Ke3 Ng5 51. Kf4 Nh3+ 52. Kf3 Kg5 53. Ne2 e5 54. Ng3 Nf4 55.
Nf5 Ng6 56. Kg3 h4+ 57. Kf3 Nf4 58. Ne3 Ne6 59. Ng4 Nd4+ 60. Kg2 Kxg4 61. Kh2 Kf4 0-1

[Event "*** Titled Tuesday Blitz"]
[Site "Chess.com"]
[Date "2021.02.09"]
[Round "4"]
[White "CoachHakia"]
[Black "Artem_Koval"]
[Result "1-0"]
[WhiteElo "2152"]
[BlackElo "2279"]
[TimeControl "180+1"]
[EndTime "10:40:24 PST"]
[Termination "CoachHakia won by checkmate"]

1. d4 Nf6 2. Bg5 Ne4 3. h4 c5 4. dxc5 Qa5+ 5. Nd2 Nxd2 6. Qxd2 Qxc5 7. e4 Nc6 8. Nf3 d6 9. c3 Bg4 10. Be3 Qa5 11.
Nd4 Bd7 12. Nxc6 Bxc6 13. f3 e6 14. Be2 Be7 15. g3 O-O 16. Kf2 d5 17. e5 Bc5 18.
Bxc5 Qxc5+ 19. Qe3 b6 20. h5 Rad8 21. h6 g6 22.
Rad1 f6 23. exf6 Rxf6 24. b4 Qxe3+ 25. Kxe3 Rdf8 26. f4 d4+ 27. cxd4 Bxh1 28. Rxh1 Rc8 29. Ke4 Rc2 30. Bg4 Kf7 31. Ra1 Ke7 32. a4 Rf8 33. a5 b5 34. Ra3 Rd8 35. Rd3 Rc4 36. Bh3 Rxb4 37. g4 Ra4 38. f5 g5 39. fxe6 Kxe6 40. Bf1 Rxa5 41. Rc3 a6 42. Rc6+ Rd6 43. d5+ Kd7 44. Rc5 Ra4+ 45. Kf5 Rd4 46. Bg2 b4 47. Kxg5 b3 48. Rc3 b2 49. Rb3 Rd2 50. Be4 Kc7 51. Bxh7 R6xd5+ 52. Bf5 Rb5 53. Rc3+ Kd6 54. h7 Rxf5+ 55. gxf5 Rg2+ 56. Kf6 b1=Q 57. h8=Q Qg1 58. Qd8# 1-0

[Event "*** Titled Tuesday Blitz"]
[Site "Chess.com"]
[Date "2021.02.09"]
[Round "4"]
[White "NikolaMa2000"]
[Black "CraiggoryC"]
[Result "1-0"]
[WhiteElo "1834"]
[BlackElo "2177"]
[TimeControl "180+1"]
[EndTime "10:40:28 PST"]
[Termination "NikolaMa2000 won by checkmate"]

1. d4 Nf6 2. c4 g6 3. Nc3 Bg7 4. e4 O-O 5. f4 c5 6. d5 d6 7. Nf3 e6 8. dxe6 Bxe6 9. Bd3 Nc6 10.
O-O Bg4 11. h3 Bxf3 12. Qxf3 Nd4 13. Qf2 a6 14. a4 Rb8 15. Be3 Ne8 16. a5 Nb3 17.
Ra3 Nxa5 18. Nd5 Nc6 19. f5 Be5 20. Bh6 Nf6 21. Bxf8 Nxd5 22. Kh1 Qxf8 23. exd5 Nd4 24. fxg6 hxg6 25. Qh4 Qg7 26. Qe7 f5 27. Qxg7+ Kxg7 28. g4 f4 29. Kg2 Rh8 30. Rh1 Kf6 31. h4 g5 32. hxg5+ Kxg5 33. Rxh8 Bxh8 34. Bf5 f3+ 35. Kf2 Kf4 36. Be6 Nxe6 37. dxe6 Bd4+ 38. Kf1 Bf6 39. Kf2 Bd4+ 40. Kf1 Bf6 41. g5 Bxg5 42. Rb3 Kg3 43. Rxb7 f2 44. e7 Bxe7 45. Rxe7 a5 46. Ra7 a4 47.
Rxa4 d5 48. cxd5 c4 49. Rxc4 Kf3 50. d6 Ke3 51. d7 Kd3 52. d8=Q+ Kxc4 53. Qd2 Kb3 54.
Kxf2 Ka2 55. Ke2 Ka1 56. Qc1+ Ka2 57. Kd2 Kb3 58. Qc3+ Ka2 59. Qa3+ Kb1 60. Qd3+ Ka2 61. b4 Ka1 62. Kc2 Ka2 63. Qb3+ Ka1 64. Qb2# 1-0

[Event "*** Titled Tuesday Blitz"]
[Site "Chess.com"]
[Date "2021.02.09"]
[Round "4"]
[White "DanielTitichoca"]
[Black "Fiona"]
[Result "0-1"]
[WhiteElo "2287"]
[BlackElo "2121"]
[TimeControl "180+1"]
[EndTime "10:40:31 PST"]
[Termination "Fiona won on time"]

1. e4 e5 2. Nf3 Nc6 3. Bb5 a6 4.
Ba4 d6 5. O-O Bd7 6. c3 Nge7 7. d4 Ng6 8. Be3 Be7 9. Nbd2 h6 10. Bb3 Bg5 11. a4 Qf6 12. a5 Nf4 13.
Nc4 Bg4 14. d5 Ne7 15. Ba4+ Kf8 16. Bd2 Neg6 17. Ne3 Bh5 18. h3 Nxh3+ 19. Kh2 Bxe3 20. fxe3 Ng5 21. Nxg5 Qxg5 22. Qe1 Nh4 23. Qf2 f6 24.
Be1 Ng6 25. Qf5 Qxf5 26. exf5 Ne7 27. e4 Be2 28. Rf2 Bd3 29. Bc2 Bxc2 30. Rxc2 g5 31.
c4 h5 32. Ra3 Kg7 33. Rb3 Rhb8 34. Bf2 h4 35. c5 dxc5 36. Rxc5 c6 37. d6 Nc8 38. Rd3 Na7 39. d7 Rd8 40. Rc4 Nb5 41.
Bb6 Kf7 42. Bxd8 Rxd8 43. b4 Nd4 44. Rcxd4 exd4 45. Rxd4 Ke7 46. Kh3 Rxd7 47. Rc4 Rd3+ 48. Kg4 Rg3+ 49. Kh5 Rxg2 50. Kg6 h3 51. e5 fxe5 52. f6+ Ke6 53. f7 Rf2 0-1

[Event "*** Titled Tuesday Blitz"]
[Site "Chess.com"]
[Date "2021.02.09"]
[Round "4"]
[White "Sibelephant"]
[Black "Angry_Twin"]
[Result "0-1"]
[WhiteElo "3022"]
[BlackElo "2842"]
[TimeControl "180+1"]
[EndTime "10:40:32 PST"]
[Termination "Angry_Twin won by resignation"]

1. e4 c5 2. Nc3 d6 3. g3 g6 4. Bg2 Bg7 5. d3 Nc6 6. Be3 Rb8 7. Qd2 b5 8. Nge2 b4 9. Nd1 a5 10. O-O a4 11. a3 b3 12. c3 Ne5 13. f3 Ba6 14.
Nf2 Nf6 15. h3 O-O 16. f4 Ned7 17. Rad1 e6 18. Rfe1 Qc7 19. c4 Rfe8 20. Nc3 Qa5 21. g4 Rec8 22. g5 Ne8 23. Rc1 Nb6 24. Qe2 Rd8 25.
Ng4 Bb7 26. f5 exf5 27. exf5 Bxg2 28. Qxg2 d5 29. Bf4 Rbc8 30. f6 Bf8 31. Nxd5 Nxd5 32. cxd5 c4 33. dxc4 Rxc4 34. Rxc4 Qxe1+ 35. Qf1 Qa5 36. Ne3 Nd6 37. Rc6 Ne4 38. Qe2 Bc5 39. Kg2 Bxe3 40. Qxe3 Qxd5 41. Rc7 Nxg5+ 42. Kg3 Ne6 43.
Rc3 Nxf4 44. Qxf4 h5 45. Qh6 Qe5+ 46. Qf4 Qd5 47. Re3 Kh7 48. Rf3 Re8 49. Re3 Rxe3+ 50.
Qxe3 Qd6+ 51. Qf4 Qxf4+ 52. Kxf4 Kh6 53. Ke4 g5 54. Kf5 g4 55. hxg4 hxg4 56. Kxg4 Kg6 57. Kf4 Kxf6 58. Ke4 Kg5 59. Kd4 f5 60. Kc4 f4 61.
Kb4 f3 62. Kxa4 f2 63. Kxb3 f1=Q 0-1

[Event "*** Titled Tuesday Blitz"]
[Site "Chess.com"]
[Date "2021.02.09"]
[Round "4"]
[White "erdni1993"]
[Black "Ekose"]
[Result "0-1"]
[WhiteElo "2428"]
[BlackElo "2608"]
[TimeControl "180+1"]
[EndTime "10:40:34 PST"]
[Termination "Ekose won by resignation"]

1. d4 Nf6 2. Nf3 e6 3. c4 d5 4. Nc3 Bb4 5. Qc2 Nbd7 6. e3 O-O 7. c5 c6 8. a3 Bxc3+ 9. Qxc3 Re8 10. b4 e5 11. dxe5 Ng4 12. Bb2 Ndxe5 13. Nxe5 Nxe5 14. f4 Qh4+ 15. g3 d4 16. Qxd4 Nf3+ 17. Kf2 Nxd4 18. gxh4 Nc2 19. Rc1 Nxe3 20. Be2 Nd5 21. Rhg1 g6 22.
Be5 Bf5 23. Bc4 Rad8 24. Rgd1 a6 25. Bxd5 cxd5 26. Rd4 Be4 27. a4 Re6 28. b5 axb5 29.
axb5 Ra8 30. Rd2 f6 31. Bd4 Kf7 32. Rb2 Rc8 33. Ra2 Bd3 34. Re1 Rxe1 35. Kxe1 Bxb5 36. Rb2 Bc6 37. Kf2 Re8 38. Be3 Re4 39. Rd2 Ke6 40.
Rd4 Kf5 41. Rxe4 Kxe4 42. Bc1 d4 43. Ke2 f5 44. Kf2 d3 45. Be3 Kd5 46. Ke1 Ke4 47. Kd2 Bb5 48. Bg1 Kxf4 49. Be3+ Ke4 50. Bg5 Bc6 51.
h3 f4 52. Bh6 f3 53. Be3 h5 54.
Bf2 Bd5 55. Be3 Bc6 56. Bf2 Bb5 57. Be3 Bc4 58. Bf2 Kf4 59. Be3+ Kg3 60. Bd4 f2 61. Be5+ Kg2 62. c6 bxc6 0-1

[Event "*** Titled Tuesday Blitz"]
[Site "Chess.com"]
[Date "2021.02.09"]
[Round "4"]
[White "davigator"]
[Black "redbaron8888"]
[Result "1/2-1/2"]
[WhiteElo "2363"]
[BlackElo "2524"]
[TimeControl "180+1"]
[EndTime "10:40:34 PST"]
[Termination "Game drawn - insufficient material"]

1. e4 c5 2. Nf3 e6 3. d4 cxd4 4.
Nxd4 a6 5. Bd3 Nf6 6. Qe2 d6 7. O-O Nbd7 8. c4 Qc7 9. Nc3 b6 10.
Be3 Bb7 11. f3 g6 12. Rac1 Bg7 13. Rfd1 O-O 14. Qf2 h5 15. Bf1 Rfe8 16. Nc2 Rac8 17. Qd2 Bf8 18. Bf4 Ne5 19. Ne3 Nfd7 20. Bg3 Bh6 21. f4 Ng4 22. Nxg4 hxg4 23. Qxd6 Nc5 24.
e5 Qxd6 25. Rxd6 Rc6 26. Rcd1 Bf8 27. Rd8 Rc8 28. Rxe8 Rxe8 29. Bf2 Rc8 30. Be2 Ne4 31. Nxe4 Bxe4 32. Bxb6 Rc6 33. Be3 Bf5 34. b3 Kg7 35. Kf2 Ba3 36. Rd7 a5 37. Ra7 Bb4 38. Bd4 Rc8 39. Ke3 Rd8 40. Rb7 Rh8 41. c5 Rxh2 42. Kf2 Rxg2+ 43. Kxg2 Be4+ 44. Kg3 Bxb7 45. Kxg4 Kf8 46.
Bb5 Ke7 47. Kg3 Kd8 48. Kf2 Be4 49. Ke3 Bb1 50. a4 Bc2 51. Bc4 Kc7 52. c6 Kxc6 53.
Ba7 Kc7 54. Bd4 Kd8 55. Bb6+ Ke7 56. Kd4 Bd1 57. Kd3 Kd7 58. Bb5+ Kc8 59. Be8 Bxb3 60. Bd4 Kd8 61. Bxf7 Ke7 62. Bxg6 Bxa4 63. Kc4 Bc6 64. Bc5+ Bxc5 65. Kxc5 Bd5 66. Bd3 Bb3 67. f5 exf5 68.
Bxf5 Be6 69. Kb5 Bxf5 70. Kxa5 Ke6 71. Kb5 Kxe5 1/2-1/2

[Event "*** Titled Tuesday Blitz"]
[Site "Chess.com"]
[Date "2021.02.09"]
[Round "4"]
[White "esapunov"]
[Black "Zhigalko_Sergei"]
[Result "0-1"]
[WhiteElo "2727"]
[BlackElo "2897"]
[TimeControl "180+1"]
[EndTime "10:40:35 PST"]
[Termination "Zhigalko_Sergei won by resignation"]

1. c4 e5 2. Nf3 Nc6 3. Nc3 Nf6 4. e3 Bb4 5. Qc2 d6 6. Nd5 Ba5 7. a3 Nxd5 8. cxd5 Ne7 9. Bc4 O-O 10. b4 Bb6 11. Bb2 Bf5 12. d3 Bg6 13. O-O Nf5 14.
Rae1 Nh4 15. Nxh4 Qxh4 16. g3 Qh3 17. f4 exf4 18. Rxf4 Rfe8 19. Qf2 a5 20. b5 Re7 21. d4 a4 22. Bc3 Rae8 23. Bf1 Qd7 24. h4 h5 25. Kh2 Be4 26. Bc4 Bg6 27. Bf1 c6 28. Bh3 Qc7 29. dxc6 bxc6 30. bxc6 Qxc6 31. Bb4 Rc7 32.
Bf5 Qd5 33. Bxg6 fxg6 34. Re2 Kh7 35. Qg2 Qe6 36. Qf3 d5 37. Kg2 Rc4 38. g4 hxg4 39. Qxg4 Qxg4+ 40. Rxg4 Bxd4 41. Rd2 Bxe3 42. Rxc4 dxc4 43.
Rd7 Bh6 44. Rc7 Re4 45. Kg3 Bf4+ 46. Kf3 Bxc7 47. Kxe4 Bd8 48. Kd5 Bxh4 49. Kxc4 g5 50. Kb5 g4 51. Bc5 Kg6 52. Kxa4 Kf7 53. Kb5 Be7 54.
Bg1 Bxa3 55. Kc4 Ke6 56. Kd3 Kf5 57. Ke2 Ke4 58. Bb6 Bb2 59. Bc7 Bd4 60. Bb8 Be5 61. Ba7 g3 62. Bb6 Bf6 63. Ba7 Kf4 64. Bb6 Kg4 65. Kf1 Kf3 66. Kg1 Bg5 67. Bc5 Be3+ 68. Bxe3 Kxe3 69. Kg2 Kf4 0-1

[Event "*** Titled Tuesday Blitz"]
[Site "Chess.com"]
[Date "2021.02.09"]
[Round "4"]
[White "Rap_woyska"]
[Black "Nikolaj_6"]
[Result "0-1"]
[WhiteElo "2472"]
[BlackElo "2648"]
[TimeControl "180+1"]
[EndTime "10:40:35 PST"]
[Termination "Nikolaj_6 won by resignation"]

1. c4 Nf6 2. Nc3 e5 3. Nf3 Nc6 4.
e3 d6 5. d4 Bd7 6. dxe5 dxe5 7. Be2 Bb4 8. Qb3 O-O 9. O-O Re8 10. a3 Bxc3 11. Qxc3 a5 12. b3 e4 13. Nd4 Ne5 14.
Bb2 c5 15. Nb5 Bxb5 16. cxb5 b6 17. Rad1 Qe7 18. Rd2 Rad8 19. Rfd1 Rxd2 20. Rxd2 h6 21. Bc4 Nxc4 22. bxc4 Rd8 23. h3 Rxd2 24. Qxd2 Qe6 25.
Qc2 Ne8 26. Qc3 f6 27. Qc2 Nd6 28. Qd2 Nxc4 29. Qd8+ Kh7 30. Bc1 Qd6 31. Qe8 f5 32.
Qf7 Qd1+ 33. Kh2 Nd6 34. Qe6 Qd3 35. Bb2 Qxb5 36. Be5 Nc4 37. Qxf5+ Kg8 38. Qe6+ Kf8 39. Bf4 a4 40. Qxe4 Kf7 41. Qf5+ Ke8 42. Qe6+ Kf8 43. Qf5+ Ke7 44. Qe4+ Kf6 45. Bg3 Qb3 46. Qd5 Nxa3 47. Be5+ Kg6 48. Qd6+ Kh7 49. Bf4 Nc2 50. Qe7 Qg8 51.
Be5 Nb4 52. Qd7 Kh8 53. Qf5 Qh7 54. Qc8+ Qg8 55. Qf5 Qh7 56. Qc8+ Qg8 57. Qd7 Qh7 58. Qe8+ Qg8 59. Qe7 Qh7 60. Qf8+ Qg8 61. Qf7 Qxf7 0-1